| TOP OF THE 1ST |
|
Oakland Athletics batting - Pitching for California Angels : LHP Jeff Baker
|
|
Pitching: LHP Jeff Baker
|
|
|
Batting: RHB Jason May
|
0-0: Called Strike 0-1: Ball 1-1: Swinging Strike 1-2: Strikes out looking
|
|
Batting: RHB Robby Juarez
|
0-0: Called Strike 0-1: SINGLE (Groundball, 5, EV 100.6 MPH) (infield hit)
|
|
Batting: RHB Muneo Kawachi
|
0-0: Called Strike Robby Juarez steals 2nd base 0-1: Foul Ball, location: 2F 0-2: Fly out, F9 (Flyball, 9S, EV 72.5 MPH)
|
|
Batting: RHB Randy Shrewsbury
|
0-0: Ball 1-0: Ball 2-0: Ball 3-0: Called Strike 3-1: Ground out 6-3 (Groundball, 6, EV 89.4 MPH)
|
| Top of the 1st over - 0 runs, 1 hit, 0 errors, 1 left on base; Oakland 0 - California 0 |
| BOTTOM OF THE 1ST |
|
California Angels batting - Pitching for Oakland Athletics : RHP Aaron Garard
|
|
Pitching: RHP Aaron Garard
|
|
|
Batting: RHB Alain Delhaye
|
0-0: Ball 1-0: Ball 2-0: Ball 3-0: Called Strike 3-1: Base on Balls
|
|
Batting: LHB Rusty Ney
|
0-0: Called Strike 0-1: Ball 1-1: Sac Bunt to 25 - play at first, batter OUT! 5-3 Alain Delhaye to second
|
|
Batting: LHB Mark Reeg
|
0-0: Ball 1-0: 2-RUN HOME RUN (Flyball, 89XD, EV 98.1 MPH), Distance : 396 ft
|
|
Batting: RHB Nick Dunn
|
0-0: Ball 1-0: Ball 2-0: SINGLE (Groundball, 6MD, EV 97.5 MPH)
|
|
Batting: RHB Preston Deakyne
|
0-0: 2-RUN HOME RUN (Flyball, 7LD, EV 94.4 MPH), Distance : 348 ft
|
|
Batting: RHB Bjoern Waltersson
|
0-0: Ball 1-0: Ball 2-0: Ball 3-0: Base on Balls
|
|
Batting: LHB Jonathon Walton
|
0-0: Ball 1-0: Ball 2-0: Fly out, F9 (Flyball, 9S, EV 90.6 MPH)
|
|
Batting: RHB Ryan Munro
|
0-0: Called Strike 0-1: Ball 1-1: Ball 2-1: Ball 3-1: Base on Balls Bjoern Waltersson to second
|
|
Batting: RHB Nelle Lommen
|
0-0: Called Strike 0-1: Ball 1-1: Fielders Choice at 2nd, 5-4 (Groundball, 56, EV 111.2 MPH)
|
| Bottom of the 1st over - 4 runs, 3 hits, 0 errors, 2 left on base; Oakland 0 - California 4 |
| TOP OF THE 2ND |
|
Oakland Athletics batting - Pitching for California Angels : LHP Jeff Baker
|
|
Batting: LHB Tom Butterbaugh
|
0-0: SINGLE (Line Drive, 9S, EV 98.8 MPH)
|
|
Batting: SHB Quincy Bradford
|
0-0: Swinging Strike 0-1: Called Strike 0-2: Ball 1-2: Foul Ball, location: 2F 1-2: Ball 2-2: Ball 3-2: Grounds into double play, 6-4-3 (Groundball, 6M, EV 100.0 MPH)
|
|
Batting: LHB R.J. O'Brien
|
0-0: Ball 1-0: Ball 2-0: SINGLE (Line Drive, 5D, EV 100.0 MPH)
|
|
Batting: RHB Nick Gentzel
|
0-0: Ball 1-0: Swinging Strike 1-1: Foul Ball, location: 2F 1-2: Ball 2-2: Strikes out swinging
|
| Top of the 2nd over - 0 runs, 2 hits, 0 errors, 1 left on base; Oakland 0 - California 4 |
| BOTTOM OF THE 2ND |
|
California Angels batting - Pitching for Oakland Athletics : RHP Aaron Garard
|
|
Batting: RHB Alain Delhaye
|
0-0: Foul Ball, location: 2F 0-1: Foul Ball, location: 2F 0-2: Strikes out swinging
|
|
Batting: LHB Rusty Ney
|
0-0: Called Strike 0-1: Fly out, F8 (Flyball, 8RM, EV 85.0 MPH)
|
|
Batting: LHB Mark Reeg
|
0-0: Ball 1-0: Called Strike 1-1: Ball 2-1: Ball 3-1: Called Strike 3-2: Base on Balls
|
|
Batting: RHB Nick Dunn
|
0-0: SINGLE (Line Drive, 9S, EV 86.2 MPH) Mark Reeg to second Runner from 2nd tries for 3rd, SAFE, throw by RF made to third
|
|
Batting: RHB Preston Deakyne
|
0-0: Called Strike 0-1: Foul Ball, location: 2F 0-2: Ball 1-2: SINGLE (Groundball, 56, EV 103.1 MPH) (infield hit) Mark Reeg scores Nick Dunn to second
|
|
Batting: RHB Bjoern Waltersson
|
0-0: Called Strike 0-1: Ground out 4-3 (Groundball, 4, EV 80.6 MPH)
|
| Bottom of the 2nd over - 1 run, 2 hits, 0 errors, 2 left on base; Oakland 0 - California 5 |
| TOP OF THE 3RD |
|
Oakland Athletics batting - Pitching for California Angels : LHP Jeff Baker
|
|
Batting: RHB Garry Hash
|
0-0: Called Strike 0-1: Ball 1-1: Called Strike 1-2: Ground out 6-3 (Groundball, P, EV 83.8 MPH)
|
|
Batting: RHB Jason May
|
0-0: Ball 1-0: DOUBLE (Flyball, 7LD, EV 103.8 MPH)
|
|
Batting: RHB Robby Juarez
|
0-0: Called Strike 0-1: Swinging Strike 0-2: Ball 1-2: Ground out 5-3 (Groundball, 56S, EV 86.2 MPH)
|
|
Batting: RHB Muneo Kawachi
|
0-0: Ball 1-0: Ball 2-0: Ball 3-0: Base on Balls
|
|
Batting: RHB Randy Shrewsbury
|
0-0: Ball 1-0: Ground out 2-3 (Groundball, 13S, EV 70.0 MPH)
|
| Top of the 3rd over - 0 runs, 1 hit, 0 errors, 2 left on base; Oakland 0 - California 5 |
| BOTTOM OF THE 3RD |
|
California Angels batting - Pitching for Oakland Athletics : RHP Aaron Garard
|
|
Batting: LHB Jonathon Walton
|
0-0: Swinging Strike 0-1: Ground out 5-3 (Groundball, 56, EV 91.2 MPH)
|
|
Batting: RHB Ryan Munro
|
0-0: Ground out 6-3 (Groundball, 6M, EV 77.5 MPH)
|
|
Batting: RHB Nelle Lommen
|
0-0: Called Strike 0-1: Ball 1-1: Foul Ball, location: 2F 1-2: Ground out 1-3 (Groundball, 13S, EV 76.2 MPH)
|
| Bottom of the 3rd over - 0 runs, 0 hits, 0 errors, 0 left on base; Oakland 0 - California 5 |
| TOP OF THE 4TH |
|
Oakland Athletics batting - Pitching for California Angels : LHP Jeff Baker
|
|
Batting: LHB Tom Butterbaugh
|
0-0: Called Strike 0-1: Foul Ball, location: 2F 0-2: Ball 1-2: Ball 2-2: Fly out, F7 (Line Drive, 7, EV 98.8 MPH)
|
|
Batting: SHB Quincy Bradford
|
0-0: Ball 1-0: Called Strike 1-1: Ball 2-1: Swinging Strike 2-2: Foul Ball, location: 2F 2-2: Foul Ball, location: 2F 2-2: Strikes out looking
|
|
Batting: LHB R.J. O'Brien
|
0-0: Ball 1-0: SINGLE (Groundball, 34D, EV 101.9 MPH)
|
|
Batting: RHB Nick Gentzel
|
0-0: Called Strike 0-1: Ball 1-1: Ball 2-1: Ball 3-1: Fly out, F8 (Flyball, 89M, EV 89.4 MPH)
|
| Top of the 4th over - 0 runs, 1 hit, 0 errors, 1 left on base; Oakland 0 - California 5 |
| BOTTOM OF THE 4TH |
|
California Angels batting - Pitching for Oakland Athletics : RHP Aaron Garard
|
|
Batting: RHB Alain Delhaye
|
0-0: Ball 1-0: Foul Ball, location: 2F 1-1: Ball 2-1: Ground out 5-3 (Groundball, 5L, EV 86.9 MPH)
|
|
Batting: LHB Rusty Ney
|
0-0: Called Strike 0-1: Called Strike 0-2: Strikes out looking
|
|
Batting: LHB Mark Reeg
|
0-0: Fly out, F8 (Line Drive, 8RS, EV 91.2 MPH)
|
| Bottom of the 4th over - 0 runs, 0 hits, 0 errors, 0 left on base; Oakland 0 - California 5 |
| TOP OF THE 5TH |
|
Oakland Athletics batting - Pitching for California Angels : LHP Jeff Baker
|
|
Batting: RHB Garry Hash
|
0-0: Foul Ball, location: 2F 0-1: Called Strike 0-2: Ball 1-2: Strikes out swinging
|
|
Batting: RHB Jason May
|
0-0: Ball 1-0: Ball 2-0: Ball 3-0: Called Strike 3-1: Foul Ball, location: 2F 3-2: Base on Balls
|
|
Batting: RHB Robby Juarez
|
0-0: Ball 1-0: Swinging Strike 1-1: Ball 2-1: Ball 3-1: Fielders Choice at 2nd, 1-4 (Groundball, P, EV 68.8 MPH)
|
|
Batting: RHB Muneo Kawachi
|
0-0: Called Strike Robby Juarez steals 2nd base 0-1: Foul Ball, location: 2F 0-2: Ball 1-2: Strikes out looking
|
| Top of the 5th over - 0 runs, 0 hits, 0 errors, 1 left on base; Oakland 0 - California 5 |
| BOTTOM OF THE 5TH |
|
California Angels batting - Pitching for Oakland Athletics : RHP Aaron Garard
|
|
Batting: RHB Nick Dunn
|
0-0: Foul Ball, location: 2F 0-1: Ball 1-1: Ball 2-1: SINGLE (Flyball, 8LS, EV 95.6 MPH)
|
|
Batting: RHB Preston Deakyne
|
0-0: Called Strike 0-1: Grounds into double play, 6-4-3 (Groundball, 6S, EV 93.1 MPH)
|
|
Batting: RHB Bjoern Waltersson
|
0-0: Swinging Strike 0-1: Called Strike 0-2: Ball 1-2: Ball 2-2: Ball 3-2: Fly out, F7 (Flyball, 7LSF, EV 81.9 MPH)
|
| Bottom of the 5th over - 0 runs, 1 hit, 0 errors, 0 left on base; Oakland 0 - California 5 |
| TOP OF THE 6TH |
|
Oakland Athletics batting - Pitching for California Angels : LHP Jeff Baker
|
|
Batting: RHB Randy Shrewsbury
|
0-0: Fly out, F5 (Line Drive, 5L, EV 76.9 MPH)
|
|
Batting: LHB Tom Butterbaugh
|
0-0: Ball 1-0: Called Strike 1-1: Ground out 4-3 (Groundball, 34D, EV 89.4 MPH)
|
|
Batting: SHB Quincy Bradford
|
0-0: Foul Ball, location: 2F 0-1: Ball 1-1: Fly out, F9 (Line Drive, 89S, EV 99.4 MPH)
|
| Top of the 6th over - 0 runs, 0 hits, 0 errors, 0 left on base; Oakland 0 - California 5 |
| BOTTOM OF THE 6TH |
|
California Angels batting - Pitching for Oakland Athletics : RHP Aaron Garard
|
|
Batting: LHB Jonathon Walton
|
0-0: Called Strike 0-1: Foul Ball, location: 2F 0-2: Ball 1-2: Strikes out swinging
|
|
Batting: RHB Ryan Munro
|
0-0: Ground out 6-3 (Groundball, 6, EV 83.8 MPH)
|
|
Batting: RHB Nelle Lommen
|
0-0: Fly out, F4 (Line Drive, 4, EV 67.5 MPH)
|
| Bottom of the 6th over - 0 runs, 0 hits, 0 errors, 0 left on base; Oakland 0 - California 5 |
| TOP OF THE 7TH |
|
Oakland Athletics batting - Pitching for California Angels : LHP Jeff Baker
|
|
Batting: LHB R.J. O'Brien
|
0-0: Called Strike 0-1: SINGLE (Groundball, 4M, EV 76.2 MPH) (infield hit)
|
|
Batting: RHB Nick Gentzel
|
0-0: SINGLE (Line Drive, 89S, EV 98.8 MPH) R.J. O'Brien to second Runner from 2nd tries for 3rd, SAFE, throw by RF made to third
|
|
Batting: RHB Garry Hash
|
0-0: Called Strike 0-1: Called Strike 0-2: Ball 1-2: Foul Ball, location: 2F 1-2: Grounds into double play, 4-6-3 (Groundball, 4, EV 80.0 MPH) R.J. O'Brien scores
|
|
Batting: RHB Jason May
|
0-0: Ball 1-0: Swinging Strike 1-1: Ball 2-1: Swinging Strike 2-2: Ground out U3 (Groundball, 34S, EV 92.5 MPH)
|
| Top of the 7th over - 1 run, 2 hits, 0 errors, 0 left on base; Oakland 1 - California 5 |
| BOTTOM OF THE 7TH |
|
California Angels batting - Pitching for Oakland Athletics : RHP Aaron Garard
|
|
Batting: RHB Alain Delhaye
|
0-0: Ball 1-0: Ground out 6-3 (Groundball, 6, EV 83.8 MPH)
|
|
Batting: LHB Rusty Ney
|
0-0: Ball 1-0: Swinging Strike 1-1: Fly out, F8 (Flyball, 8LS, EV 88.8 MPH)
|
|
Batting: LHB Mark Reeg
|
0-0: SINGLE (Groundball, 34, EV 101.2 MPH)
|
|
Batting: RHB Nick Dunn
|
0-0: Swinging Strike 0-1: Called Strike 0-2: SINGLE (Line Drive, 9LS, EV 100.0 MPH) Mark Reeg to second
|
|
Batting: RHB Preston Deakyne
|
0-0: Called Strike 0-1: Foul Ball, location: 2F 0-2: Ball 1-2: Ball 2-2: Ball Wild Pitch! Mark Reeg to third Nick Dunn to second 3-2: Foul Ball, location: 2F 3-2: Strikes out swinging
|
| Bottom of the 7th over - 0 runs, 2 hits, 0 errors, 2 left on base; Oakland 1 - California 5 |
| TOP OF THE 8TH |
|
Oakland Athletics batting - Pitching for California Angels : LHP Jeff Baker
|
|
Batting: RHB Robby Juarez
|
0-0: Ball 1-0: SINGLE (Groundball, 56D, EV 100.6 MPH)
|
|
Pitching: LHP Keith Pratt
|
|
|
Batting: RHB Muneo Kawachi
|
0-0: Called Strike 0-1: Hit by Pitch Robby Juarez to second
|
|
Pitching: RHP Marshall Barron
|
|
|
Batting: RHB Randy Shrewsbury
|
0-0: Foul Ball, location: 2F 0-1: Swinging Strike 0-2: Ball 1-2: Foul Ball, location: 2F 1-2: Strikes out swinging
|
|
Batting: LHB Tom Butterbaugh
|
0-0: Called Strike 0-1: Ball Passed Ball! Robby Juarez to third Muneo Kawachi to second 1-1: Foul Ball, location: 2F 1-2: Ball 2-2: Ball 3-2: Base on Balls
|
|
Batting: SHB Quincy Bradford
|
0-0: Ball 1-0: Foul Ball, location: 2F 1-1: Called Strike 1-2: SINGLE (Line Drive, 9LS, EV 112.5 MPH) Robby Juarez scores Muneo Kawachi to third Tom Butterbaugh to second Runner from 3rd tries for Home, SAFE, throw by RF to home
|
|
Batting: LHB R.J. O'Brien
|
0-0: Ball 1-0: Ball 2-0: Foul Ball, location: 2F 2-1: Ball 3-1: Foul Ball, location: 2F 3-2: Fielders Choice at 2nd, 4-6 (Groundball, 4, EV 101.2 MPH) Tom Butterbaugh to third
|
|
Pinch Hitting: LHB Jeff Luvisi
|
0-0: Ball 1-0: Foul Ball, location: 2F 1-1: Ball 2-1: Ball 3-1: Base on Balls R.J. O'Brien to second
|
|
Batting: RHB Garry Hash
|
0-0: Ball 1-0: Called Strike 1-1: Ball 2-1: Ball 3-1: Called Strike 3-2: Ground out 1-3 (Groundball, 25, EV 70.0 MPH)
|
| Top of the 8th over - 2 runs, 2 hits, 0 errors, 3 left on base; Oakland 3 - California 5 |
| BOTTOM OF THE 8TH |
|
California Angels batting - Pitching for Oakland Athletics : RHP Aaron Garard
|
|
Now in RF: Jeff Luvisi
|
|
|
Batting: RHB Bjoern Waltersson
|
0-0: Ball 1-0: Swinging Strike 1-1: Swinging Strike 1-2: Fly out, F7 (Flyball, 7D, EV 89.4 MPH)
|
|
Pitching: RHP Hunter Vanderhyden
|
|
|
Batting: LHB Jonathon Walton
|
0-0: Ball 1-0: Called Strike 1-1: Swinging Strike 1-2: Ground out 4-3 (Groundball, 4, EV 107.5 MPH)
|
|
Batting: RHB Ryan Munro
|
0-0: Ball 1-0: Ball 2-0: Called Strike 2-1: Swinging Strike 2-2: Hit by Pitch
|
|
Batting: RHB Nelle Lommen
|
0-0: Called Strike 0-1: Ball 1-1: Swinging Strike 1-2: SINGLE (Flyball, 89S, EV 90.6 MPH) Ryan Munro to second Runner from 2nd tries for 3rd, SAFE, throw by RF made to third
|
|
Batting: RHB Alain Delhaye
|
0-0: Called Strike 0-1: Fielders Choice at 2nd, 4-6 (Groundball, 6M, EV 110.0 MPH)
|
| Bottom of the 8th over - 0 runs, 1 hit, 0 errors, 2 left on base; Oakland 3 - California 5 |
| TOP OF THE 9TH |
|
Oakland Athletics batting - Pitching for California Angels : RHP Marshall Barron
|
|
Pitching: RHP Bryan Banana
|
|
|
Batting: RHB Jason May
|
0-0: Ball 1-0: Foul Ball, location: 2F 1-1: Foul Ball, location: 2F 1-2: Ball 2-2: Foul Ball, location: 2F 2-2: Ball 3-2: Foul Ball, location: 2F 3-2: Foul Ball, location: 2F 3-2: Fly out, F9 (Flyball, 9LSF, EV 93.8 MPH)
|
|
Pinch Hitting: LHB Bob Branham
|
0-0: Swinging Strike 0-1: Called Strike 0-2: Ball 1-2: SINGLE (Groundball, 6MD, EV 95.0 MPH)
|
|
Batting: RHB Muneo Kawachi
|
0-0: Swinging Strike 0-1: Ball 1-1: Foul Ball, location: 2F 1-2: Fly out, F3 (Popup, 34, EV 55.6 MPH)
|
|
Batting: RHB Randy Shrewsbury
|
0-0: Called Strike 0-1: Foul Ball, location: 2F 0-2: Strikes out looking
|
| Top of the 9th over - 0 runs, 1 hit, 0 errors, 1 left on base; Oakland 3 - California 5 |
|